Description

Super fast DT drop from Warp Prism. 1st Adept for defense at 2:16. 2nd Adept for defense at 2:42.

Build Order

Why is there no SALT encoding or Overwolf build?

    0:18  Pylon  
    0:36  Gateway  
    0:46  Assimilator  
    0:56  Assimilator  
    1:07  Action  Saturate Assimilator 1
    1:17  Action  Saturate Assimilator 2
    1:22  Cybernetics Core  at Wall
    1:38  Pylon  at Nexus
    1:58  Warp Gate (Chrono Boost)  on Cybernetics Core
    1:59  Adept (Chrono Boost)  from Gateway 1 to wall-off
    2:00  Twilight Council  on Nexus Pylon
    2:12  Robotics Facility  on Nexus Pylon
    2:16  Adept  from Gateway 1 to wall-off
    2:36  Dark Shrine  on Nexus Pylon (hidden)
    2:48  Warp Prism (Chrono Boost)  rallied near opponent's 3rd
    2:57  Gateway  on Nexus Pylon
    3:02  Pylon  on open ground
    3:10  Charge  from Twilight Council
    3:20  Gateway x2  on 3rd Pylon
    3:50   Dark Templar x2  on Warp Prism
    3:56  Pylon  
    4:14  Dark Templar x2  on Warp Prism from Gateways 3/4
    4:22  Zealot x2  on Warp Prism from Gateways 1/2
    4:24  Pylon  
    4:44  Zealot x4  on Warp Prism all Gateways
Spawning Tool Build Advisor. Get it on Overwolf

Analysis

Listed timings are perfect. Warping the first DTs at 4:00 rather than 3:50 is not a disaster, and is likely to happen on larger maps due to Warp Prism travel time. DT 3/4 should still land at 4:14. On a large map, Robotics Facility before Twilight Council can land the attack a bit earlier.

With good damage at 5:00 can transition into Immortal/Archon/Chargelot on 2 bases. Try to extract DTs, merge Archons for continued drop pressure.

With passable damage at 5:00, should warp 4 zealots + 4 stalkers for defense at natural, expanding behind. Try to extract DTs, merge Archons for flexible use.

With low damage or enemy fast detection, it's a near-certain loss if DTs are not extracted. If can extract DTs, merge Archons for defense.

Go to:

Details

  • Created by: PhoenixDFA
  • Published on: Sep 24, 2018
  • Modified on: Jan 05, 2019
  • Patch: 4.7.1
Show

Export as new Build Order

Comments (0)

There are no comments. Be the first!

Create an account to comment!